 Dungeon Crawl Stone Soup version 0.28.0-49-g6dfe1f597d (webtiles) character file.

Game seed: 9411796505819053141

39 Exodus22XD the Sneak (level 3, 0/19 HPs)
             Began as a Kobold Enchanter on May 19, 2022.
             Slain by a hobgoblin (3 damage)
             ... on level 2 of the Dungeon.
             The game lasted 00:00:46 (1517 turns).

Exodus22XD the Sneak (Kobold Enchanter)             Turns: 1517, Time: 00:00:46

Health: 0/19       AC:  2    Str:  5    XL:     3   Next: 70%
Magic:  6/6        EV: 15    Int: 16    God:
Gold:   15         SH:  0    Dex: 17    Spells: 6/6 levels left

rFire   . . .      SeeInvis .   a - +1 dagger
rCold   . . .      Faith    .   (no shield)
rNeg    . . .      Spirit   .   b - +0 robe
rPois   .          Reflect  .   (no helmet)
rElec   .          Harm     .   (no cloak)
rCorr   .          Rampage  .   (no gloves)
Will    .....                   (no boots)
Stlth   ++++......              (no amulet)
HPRegen 0.06/turn               (no ring)
MPRegen 0.10/turn               (no ring)

@: lethally poisoned (0 -> -6)
A: small, no large weapons, nightstalker 3
a: no special abilities


You were on level 2 of the Dungeon.
You visited 1 branch of the dungeon, and saw 2 of its levels.

You collected 15 gold pieces.

Inventory:

Hand Weapons
 a - a +1 dagger (weapon)
Armour
 b - a +0 robe (worn)
Scrolls
 d - 2 scrolls of identify {unknown}
 e - a scroll of fear {unknown}
 h - a scroll of immolation {unknown}
Potions
 c - a potion of invisibility
 f - 2 potions of attraction {unknown}
 g - a potion of degeneration {unknown}


   Skills:
 - Level 1.3 Short Blades
 - Level 2.4 Dodging
 + Level 6.2 Stealth
 - Level 2.1 Spellcasting
 - Level 3.0 Hexes


You had 6 spell levels left.
You didn't know any spells.
Your spell library contained the following spells:

 Spells                   Type           Power      Damage    Failure   Level
 Ensorcelled Hibernation  Hex/Ice        12%        N/A       17%         2
 Confusing Touch          Hex            11%        N/A       19%         3
 Tukima's Dance           Hex            11%        N/A       19%         3
 Dazzling Flash           Conj/Hex       12%        N/A       32%         3


Dungeon Overview and Level Annotations

Branches:
Dungeon (2/15)

Altars:


Innate Abilities, Weirdness & Mutations

You are small and have problems with some larger weapons.
You are completely attuned to the shadows.


Message History

A rat comes into view.
A rat is nearby!
A hobgoblin comes into view.
Found a stone staircase leading down.
There are monsters nearby!
The helpless rat fails to defend itself.
You impale the rat!!
You kill the rat!
A hobgoblin is nearby!
The hobgoblin shouts!
An adder comes into view.
There are monsters nearby!
You barely miss the hobgoblin. The hobgoblin closely misses you.
There are monsters nearby!
You closely miss the hobgoblin. The hobgoblin completely misses you.
You hit the hobgoblin.
The hobgoblin is severely wounded.
The hobgoblin hits you.
You barely miss the hobgoblin.
The hobgoblin is severely wounded.
The adder barely misses you. The hobgoblin hits you.
You barely miss the hobgoblin.
The hobgoblin is severely wounded.
The adder misses you. The hobgoblin hits you.
You are too injured to fight recklessly!
You closely miss the hobgoblin.
The hobgoblin is severely wounded.
The adder misses you. The hobgoblin barely misses you.
The adder bites you but does no damage.
You barely miss the hobgoblin.
The hobgoblin is severely wounded.
The hobgoblin closely misses you. The adder bites you.
* * * LOW HITPOINT WARNING * * *
You are lethally poisoned!
The adder poisons you!
You hit the hobgoblin but do no damage.
The hobgoblin is severely wounded.
* * * LOW HITPOINT WARNING * * *
You feel sick. The adder misses you. The hobgoblin hits you.
You die...

####..#
##.# ###
#.#
##..##.#
.......#.#
.........#
.........#
.......#.#
...g@..#.#
..>S.....#
........##
.......##
..##..##


You could see an adder and a hobgoblin.

Vanquished Creatures
  A dart slug (D:1)
  3 bats (D:1)
  An endoplasm (D:1)
  A giant cockroach (D:1)
  A goblin (D:1)
  2 hobgoblins (D:1)
  11 jackals (D:1)
  2 kobolds (D:2)
  3 quokkas (D:1)
  2 ball pythons (D:1)
  2 frilled lizards (D:1)
  4 rats
33 creatures vanquished.

Notes
Turn   | Place    | Note
-------+----------+-------------------------------------------
     0 | D:1      | Exodus22XD the Kobold Enchanter began the quest for the
                  | Orb.
     0 | D:1      | Reached XP level 1. HP: 10/10 MP: 3/3
   144 | D:1      | Reached XP level 2. HP: 15/15 MP: 5/5
   157 | D:1      | Reached skill level 5 in Stealth
   470 | D:1      | Reached XP level 3. HP: 19/19 MP: 6/6
  1198 | D:1      | Reached skill level 6 in Stealth
  1477 | D:2      | Found a faded altar of an unknown god.
  1517 | D:2      | Slain by a hobgoblin

Illustrated notes

Levels and vault maps discovered:
D:1:      minmay_arrival_nine_rooms, layout_loops_ring, chequers_hall_statues_y,
          chequers_serial_rivers_micro_c
D:2:      layout_basic, shapermc_ecumenical_altar_mp_urbaneastern,
          kennysheep_big_empty_room, palyth_stone_intersect,
          minmay_misc_feat_encased, st_stairs_5, grunt_ministairs_3

Skill      XL: |  1  2  3 |
---------------+----------+-----
Stealth        | 5 6 |  6.2
Short Blades   | |  1.3
Dodging        | |  2.4
Spellcasting   | |  2.1
Hexes          | |  3.0

Action                   || total
-------------------------++-------
Melee: Dagger            ||    92
       Punch             ||     1
 Stab: Sleeping          ||    21
Armor: Robe              ||    13
Dodge: Dodged            ||    54
